 Dungeon Crawl Stone Soup version 0.22.1-5-g62c59d919a (webtiles) character file.

2417255 Beodren the Minotaur Barricade (level 27, 273/273 HPs)
             Began as a Minotaur Fighter on Jan 9, 2019.
             Was the Champion of the Shining One.
             Escaped with the Orb
             ... and 4 runes on Jan 10, 2019!
             The game lasted 05:25:53 (70514 turns).

Beodren the Minotaur Barricade (Minotaur Fighter)  Turns: 70514, Time: 05:25:53

Health: 273/273    AC: 39    Str: 37    XL:     27
Magic:  36/36      EV: 19    Int:  8    God:    the Shining One [******]
Gold:   3944       SH: 53    Dex: 19    Spells: 26/26 levels left

rFire    + + +     SeeInvis .   y - +9 sacred scourge (holy)
rCold    + + .     Gourm    .   S - +6 large shield of the Blue Moon {*Drain rElec rF++ MR+}
rNeg     + + +     Faith    .   g - +9 plate armour of the Dolphin {rF+ Str+3 Dex+2 Slay+2}
rPois    +         Spirit   +   n - +2 hat of the Bear Spirit {Spirit, +Rage rN+ MR++}
rElec    +         Reflect  +   I - +2 cloak {rPois}
rCorr    +         Harm     .   z - +2 pair of gloves of the Engineer {rC+ Str+4 Int+3}
MR       +++++                  O - +2 pair of boots
Stlth    ..........             s - +3 amulet of reflection
HPRegen  0.55/turn              V - ring "Xeuzot" {rCorr MR+++}
MPRegen  0.25/turn              B - ring "Riahoen" {rF+ rC+ Str+3 Stlth+}

@: divine shield, glowing, studying Throwing
A: retaliatory headbutt, horns 2, deformed body, evolution 2, no potion heal 1
0: Orb of Zot
}: 4/15 runes: serpentine, barnacled, slimy, silver
a: Divine Shield, Cleansing Flame, Summon Divine Warrior, Renounce Religion,
Evoke Berserk Rage


You escaped.
You worshipped the Shining One.
The Shining One was exalted by your worship.
You were not hungry.

You visited 12 branches of the dungeon, and saw 56 of its levels.
You also visited: Sewer, Ice Cave, Volcano and Desolation.

You collected 8989 gold pieces.
You spent 5045 gold pieces at shops.

Inventory:

Hand Weapons
 y - a +9 sacred scourge of holy wrath (weapon)
 K - the +10 war axe of Hubris {venom, rC+ Dex+5}
   (You bought it in a shop on level 6 of the Dungeon)

   It poisons the flesh of those it strikes.
   It affects your dexterity (+5).
   It protects you from cold.
Armour
 g - the +9 plate armour of the Dolphin (worn) {rF+ Str+3 Dex+2 Slay+2}
   (You took it off a vault warden on level 5 of the Vaults)

   It affects your strength (+3).
   It affects your dexterity (+2).
   It affects your accuracy and damage with ranged weapons and melee attacks
   (+2).
   It protects you from fire.
 n - the +2 hat of the Bear Spirit (worn) {Spirit, +Rage rN+ MR++}
   (You found it on level 5 of the Vaults)

   It protects you from negative energy.
   It affects your resistance to hostile enchantments.
   It lets you go berserk.
 o - a +2 hat
 z - the +2 pair of gloves of the Engineer (worn) {rC+ Str+4 Int+3}
   (You found it in the Desolation of Salt)

   It affects your strength (+4).
   It affects your intelligence (+3).
   It protects you from cold.
 E - +5 gold dragon scales
 I - a +2 cloak of poison resistance (worn)
 O - a +2 pair of boots (worn)
 Q - the +0 hat of Vutoar {Int+4}
   (You acquired it on level 5 of the Depths)

   It affects your intelligence (+4).
 S - the +6 large shield of the Blue Moon (worn) {*Drain rElec rF++ MR+}
   (You found it on level 5 of the Vaults)

   It greatly protects you from fire.
   It insulates you from electricity.
   It affects your resistance to hostile enchantments.
   It causes draining when unequipped.
Jewellery
 s - a +3 amulet of reflection (around neck)
 B - the ring "Riahoen" (right hand) {rF+ rC+ Str+3 Stlth+}
   (You bought it in a shop on level 13 of the Dungeon)

   [ring of strength]

   It affects your strength (+3).
   It protects you from fire.
   It protects you from cold.
   It makes you more stealthy.
 U - a +4 ring of strength
 V - the ring "Xeuzot" (left hand) {rCorr MR+++}
   (You found it on level 5 of the Lair of Beasts)

   [ring of resist corrosion]

   It affects your resistance to hostile enchantments.
Wands
 j - a wand of paralysis (19)
 m - a wand of acid (14)
 F - a wand of flame (57)
 H - a wand of digging (20)
 L - a wand of iceblast (28)
 P - a wand of disintegration (87)
Scrolls
 c - 2 scrolls of amnesia
 h - 8 scrolls of fog
 p - 27 scrolls of teleportation
 t - 26 scrolls of remove curse
 x - 8 scrolls of fear
 C - 5 scrolls of holy word
 D - 4 scrolls of enchant weapon
 N - 9 scrolls of blinking
 T - a scroll of brand weapon
 W - 3 scrolls of silence
 X - 2 scrolls of summoning
 Y - 3 scrolls of identify
Potions
 b - 12 potions of brilliance
 d - 4 potions of might
 e - 6 potions of heal wounds
 i - 15 potions of flight
 k - 4 potions of haste
 l - 20 potions of curing
 q - 4 potions of agility
 r - 3 potions of ambrosia
 u - a potion of mutation
 v - 7 potions of resistance
 w - 2 potions of berserk rage
 A - 6 potions of magic
 R - a potion of cancellation
Books
 G - a manual of Throwing
Miscellaneous
 Z - a phantom mirror
Comestibles
 f - 69 rations


   Skills:
 O Level 27 Fighting
 - Level 21.2(24.2) Axes
 + Level 21.4(24.3) Maces & Flails
 - Level 9.6 Throwing
 * Level 23.8 Armour
 * Level 13.5 Dodging
 - Level 0.6 Stealth
 O Level 27 Shields
 - Level 20.6 Invocations
 + Level 1.1 Evocations


You had 26 spell levels left.
You didn't know any spells.
Your spell library contained the following spells:

 Spells                   Type           Power        Failure   Level  Hunger
 Animate Skeleton         Necr           N/A          75%         1    ##.....
 Apportation              Tloc           #.....       75%         1    ##.....
 Beastly Appendage        Tmut           #.....       75%         1    ##.....
 Confusing Touch          Hex            #.....       75%         1    ##.....
 Corona                   Hex            #......      75%         1    ##.....
 Flame Tongue             Conj/Fire      #....        75%         1    ##.....
 Freeze                   Ice            #...         75%         1    ##.....
 Infusion                 Chrm           #...         75%         1    ##.....
 Magic Dart               Conj           #...         75%         1    ##.....
 Pain                     Necr           #...         75%         1    ##.....
 Sandblast                Erth           #.....       75%         1    ##.....
 Shock                    Conj/Air       #...         75%         1    ##.....
 Sting                    Conj/Pois      #...         75%         1    ##.....
 Summon Small Mammal      Summ           #...         75%         1    ##.....
 Blink                    Tloc           N/A          86%         2    ###....
 Call Imp                 Summ           #.......     86%         2    ###....
 Corpse Rot               Necr           N/A          86%         2    ###....
 Ensorcelled Hibernation  Hex/Ice        #.....       86%         2    ###....
 Passwall                 Tmut/Erth      #.......     86%         2    ###....
 Poisonous Vapours        Pois/Air       #.....       86%         2    ###....
 Shroud of Golubria       Chrm/Tloc      #.........   86%         2    ###....
 Slow                     Hex            #.......     86%         2    ###....
 Song of Slaying          Chrm           #.......     86%         2    ###....
 Sublimation of Blood     Necr           #.........   86%         2    ###....
 Swiftness                Chrm/Air       #.......     86%         2    ###....
 Throw Flame              Conj/Fire      #.....       86%         2    ###....
 Throw Frost              Conj/Ice       #.....       86%         2    ###....
 Confuse                  Hex            #.......     98%         3    ####...
 Conjure Flame            Conj/Fire      #.......     98%         3    ####...
 Dazzling Spray           Conj/Hex       #.....       98%         3    ####...
 Gell's Gravitas          Tloc           #.........   98%         3    ####...
 Ignite Poison            Fire/Tmut/Pois #.......     98%         3    ####...
 Inner Flame              Hex/Fire       #.......     98%         3    ####...
 Lesser Beckoning         Tloc           #.........   98%         3    ####...
 Mephitic Cloud           Conj/Pois/Air  #.......     98%         3    ####...
 Ozocubu's Armour         Chrm/Ice       #.......     98%         3    ####...
 Regeneration             Chrm/Necr      #.........   98%         3    ####...
 Static Discharge         Conj/Air       #.......     98%         3    ####...
 Summon Guardian Golem    Hex/Summ       #.......     98%         3    ####...
 Teleport Other           Tloc           #.......     98%         3    ####...
 Tukima's Dance           Hex            #.......     98%         3    ####...
 Vampiric Draining        Necr           #.........   98%         3    ####...
 Airstrike                Air            #.........   100%        4    #####..
 Animate Dead             Necr           N/A          100%        4    #####..
 Ice Form                 Ice/Tmut       #.......     100%        4    #####..
 Iskenderun's Mystic Bla  Conj           #.......     100%        4    #####..
 Leda's Liquefaction      Hex/Erth       #.........   100%        4    #####..
 Olgreb's Toxic Radiance  Pois           #.......     100%        4    #####..
 Petrify                  Tmut/Erth      #.......     100%        4    #####..
 Sticky Flame             Conj/Fire      #.......     100%        4    #####..
 Summon Ice Beast         Ice/Summ       #.......     100%        4    #####..
 Throw Icicle             Conj/Ice       #.......     100%        4    #####..
 Alistair's Intoxication  Tmut/Pois      #.......     100%        5    ######.
 Bolt of Draining         Conj/Necr      #.........   100%        5    ######.
 Bolt of Magma            Conj/Fire/Erth #.........   100%        5    ######.
 Borgnjor's Vile Clutch   Necr/Erth      #.........   100%        5    ######.
 Dispel Undead            Necr           #.......     100%        5    ######.
 Fireball                 Conj/Fire      #.........   100%        5    ######.
 Irradiate                Conj/Tmut      #.........   100%        5    ######.
 Iskenderun's Battlesphe  Conj/Chrm      #.......     100%        5    ######.
 Lee's Rapid Deconstruct  Erth           #.........   100%        5    ######.
 Lightning Bolt           Conj/Air       #.........   100%        5    ######.
 Metabolic Englaciation   Hex/Ice        #.........   100%        5    ######.
 Summon Demon             Summ           #.........   100%        5    ######.
 Summon Mana Viper        Hex/Summ       #.......     100%        5    ######.
 Venom Bolt               Conj/Pois      #.........   100%        5    ######.
 Yara's Violent Unravell  Hex/Tmut       #.........   100%        5    ######.
 Darkness                 Hex            #.........   100%        6    #######
 Deflect Missiles         Chrm/Air       #.........   100%        6    #######
 Freezing Cloud           Conj/Ice/Air   #.........   100%        6    #######
 Invisibility             Hex            #.......     100%        6    #######
 Iron Shot                Conj/Erth      #.........   100%        6    #######
 Statue Form              Tmut/Erth      #........    100%        6    #######
 Malign Gateway           Summ/Tloc      #.........   100%        7    #######
 Orb of Destruction       Conj           #.........   100%        7    #######
 Ring of Flames           Chrm/Fire      #.........   100%        7    #######
 Spellforged Servitor     Conj/Summ      #.........   100%        7    #######
 Controlled Blink         Tloc           N/A          100%        8    #######
 Passage of Golubria      Tloc           Unusable     N/A         4    N/A

Dungeon Overview and Level Annotations

Branches:
Dungeon (15/15)            Temple (1/1) D:6            Lair (6/6) D:8
 Shoals (4/4) Lair:3        Snake (4/4) Lair:4        Slime (5/5) Lair:5
    Orc (2/2) D:9             Elf (3/3) Orc:2        Vaults (5/5) D:13
  Crypt (0/3) Vaults:3     Depths (5/5) D:15           Hell (1/1)
    Dis (0/7) Hell            Geh (0/7) Hell            Coc (0/7) Hell
    Tar (0/7) Hell            Zot (5/5) Depths:5

Altars:
Ashenzari
Cheibriados
Dithmenos
Elyvilon
Fedhas
Gozag
Hepliaklqana
Kikubaaqudgha
Makhleb
Nemelex Xobeh
Okawaru
Qazlal
Ru
Sif Muna
Trog
Uskayaw
Vehumet
Wu Jian
Xom
Yredelemnul
Zin
The Shining One
Jiyva
Lugonu

Shops:
D:6 !(*(   D:8 *   D:9 (   D:12 =   D:13 =   Orc:2 }*   Shoals:2 *   Shoals:3 =
Vaults:1 *   Vaults:3 =   Vaults:4 =   Zot:2 *   Depths:1 ((

Portals:
Hell: Depths:1 Depths:2 Depths:3 Depths:4 Depths:5
Abyss: Depths:1 Depths:4
Pandemonium: Depths:3 Depths:4
Ziggurat: Depths:5

Annotations:
D:7 2 transporters, mora's ghost, novice DgIE
Lair:1 exclusion: oklob plant


Innate Abilities, Weirdness & Mutations

You reflexively headbutt those who attack you in melee.
You have a pair of horns on your head.
Armour fits poorly on your strangely shaped body.
You rapidly evolve.
Potions are less effective at restoring your health.


Message History

The Shining One blesses your angel with healing.
A sixfirhy comes into view.
You see here a demon whip of freezing.
You block the sixfirhy's attack. x2
Your angel hits the sixfirhy with a whip of holy wrath!
The sixfirhy convulses!
Your angel hits the sixfirhy with a whip of holy wrath.
The sixfirhy convulses.
The sixfirhy completely misses you. You furiously retaliate!
You headbutt the sixfirhy.
You kill the sixfirhy!
The Shining One accepts your kill.
There is an open door here.
There is a stone staircase leading down here.
There is an open door here.
You are feeling very hungry.
You eat one of the 70 rations.
That ration really hit the spot!
You swap places.
There is a staircase leading out of the dungeon here.
You can't go down here!
You have escaped!

#.##.........##.#...#.##.####.#..
#.###.......###.......##.# #.##.
..# ##.....## ####.......# #.###
### ##...## ###.#.##### #.# ##'##
#..###.# #.# ########.# #.#.#.##
#.# ......##.# #.##.## #.#
....#.##.## ######## #.#
....#.#...####.>@.# #.###
....#........#.AA.# #....
.............#....# #####
#####.##.##..#....#
#####.##.###.#....# ......##.#
#......# ########.# ######## #.#
########.#


You could see a friendly daeva and a friendly angel.

Vanquished Creatures
  Dissolution (Slime:4)
  the Royal Jelly (Slime:5)
  8 orbs of fire
  4 ancient liches
  Frederick (Vaults:2)
  Margery (Vaults:4)
  Xtahua (Depths:5)
  Saint Roka (Elf:3)
  A caustic shrike (Depths:4)
  Geryon (Hell)
  2 Killer Klowns (Zot:5)
  2 curse toes (Zot:5)
  17 golden dragons
  A bone dragon (Depths:5)
  Nikola (Shoals:3)
  4 electric golems
  A Brimstone Fiend (Depths:1)
  An Ice Fiend (Depths:1)
  20 tentacled monstrosities
  4 liches
  28 Orb Guardians
  8 titans
  4 deep elf master archers (Elf:3)
  29 acid blobs
  A pandemonium lord (D:1)
  4 deep elf blademasters (Elf:3)
  7 quicksilver dragons
  5 sphinxes
  2 ancient champions (Hell)
  Frances (D:13)
  A kraken (Shoals:2)
  11 death cobs
  19 storm dragons
  Donald (Elf:3)
  4 draconian monks
  5 tengu reavers
  13 fire giants
  11 azure jellies
  13 shadow dragons
  14 nagarajas
  2 iron dragons
  Roxanne (Snake:2)
  5 draconian knights
  7 deep elf sorcerers
  10 draconian scorchers
  A ghost moth (shapeshifter) (Depths:2)
  Louise (D:14)
  4 balrugs
  An orc warlord (Elf:1)
  9 frost giants
  4 draconian stormcallers
  4 draconian shifters
  3 imperial myrmidons (Desolation)
  16 vault wardens
  7 deep elf elementalists
  An angel (Elf:1)
  6 ironheart preservers
  A cacodemon (Depths:3)
  17 stone giants
  A war gargoyle (Hell)
  2 spriggan defenders
  6 reapers (Hell)
  18 very ugly things
  5 vampire knights
  5 draconian annihilators
  10 red draconians
  The ghost of Amiab the Severer, a journeyman MiFi of Makhleb (Lair:5)
  The ghost of PeterQ the Unseen, a journeyman VSEn of Ashenzari (Orc:1)
  12 green draconians
  3 entropy weavers
  9 deep elf annihilators
  11 black draconians
  9 spark wasps
  13 purple draconians
  8 deep elf demonologists
  7 yellow draconians
  A halazid warlock (Desolation)
  11 white draconians
  A minotaur (Shoals:2)
  Azrael (D:13)
  3 blizzard demons
  7 deep elf death magi
  3 jiangshi (Depths:2)
  18 ettins
  A merfolk javelineer (Shoals:4)
  8 death oozes
  12 fire dragons
  12 yaktaur captains
  7 merfolk impalers
  31 vault guards
  4 servants of whispers (Desolation)
  3 ragged hierophants (Desolation)
  5 deep elf high priests
  15 ogre magi
  Erolcha (D:13)
  19 great orbs of eyes
  10 naga warriors
  4 hydras
  9 rakshasas
  10 centaur warriors
  6 anacondas
  12 peacekeepers (Desolation)
  13 ice dragons
  2 merfolk avatars
  An alligator snapping turtle (Shoals:4)
  A catoblepas (Lair:6)
  8 spriggan air magi
  5 death knights
  27 dancing weapons
  46 two-headed ogres
  5 merfolk aquamancers
  7 satyrs
  12 deep troll shamans
  5 orc high priests
  5 hell hogs (Hell)
  10 tengu warriors
  2 soul eaters
  5 shock serpents
  2 vampire magi
  7 deep troll earth magi
  5 death yaks (Lair:6)
  16 naga sharpshooters
  12 spriggan berserkers
  14 hell knights
  Nergalle (D:10)
  12 sun demons
  16 deep elf knights
  3 sixfirhies
  A fire crab (shapeshifter) (Depths:2)
  A fire crab (Volcano)
  4 iron trolls
  A storm dragon skeleton (Vaults:3)
  A sea snake (shapeshifter) (Depths:4)
  2 small abominations
  25 skeletal warriors
  6 unseen horrors
  2 shadow wraiths
  A golden dragon zombie (Depths:2)
  18 sea snakes
  A shadow demon (Depths:4)
  22 deep trolls
  An anaconda zombie (Hell)
  7 naga ritualists
  A death drake (shapeshifter) (Vaults:5)
  A torturous demonspawn (Depths:3)
  12 deep elf archers
  2 glowing orange brains
  9 wizards
  A flayed ghost (Vaults:4)
  19 harpies
  24 ironbrand convokers
  An orange crystal statue (Depths:2)
  A deep troll (shapeshifter) (Depths:1)
  2 obsidian statues
  An infernal demonspawn (Depths:4)
  2 lindwurms
  23 orc knights
  10 necromancers
  An orb spider (Depths:5)
  11 mana vipers
  3 phantasmal warriors
  62 deep elf magi
  4 wolf spiders
  10 cyclopes
  6 orc sorcerers
  A tengu skeleton (Vaults:3)
  4 salamanders
  35 fauns
  11 elephants
  A cyclops (shapeshifter) (Vaults:5)
  17 manticores
  22 moths of wrath
  20 ugly things
  5 shining eyes
  19 vault sentinels
  3 eyes of devastation (Slime:5)
  5 human skeletons (Vaults:3)
  An ice statue (IceCv)
  7 merfolk sirens
  23 guardian serpents
  5 rust devils
  Maurice (D:10)
  A guardian serpent (shapeshifter) (Elf:1)
  A black mamba (shapeshifter) (Vaults:5)
  6 orange demons
  2 fire giant skeletons (Vaults:3)
  2 spiny frogs (shapeshifter)
  17 naga magi
  3 gargoyles
  42 black mambas
  2 smoke demons
  2 molten gargoyles (Hell)
  7 water nymphs
  A rime drake (shapeshifter) (Depths:1)
  An efreet (D:3)
  7 spiny frogs
  2 hellions
  3 komodo dragons (Lair:6)
  3 rime drakes
  6 freezing wraiths
  38 yaktaurs
  10 ice devils
  9 tengu conjurers
  7 red devils
  2 yaktaur skeletons (Vaults:3)
  3 hellwings (D:10)
  3 trolls (shapeshifter)
  8 trolls
  19 polar bears
  2 hydra zombies (Hell)
  A hydra skeleton (Hell)
  3 meliai (Shoals:2)
  A wolf spider simulacrum (D:15)
  18 merfolk
  A shadow dragon simulacrum (Depths:2)
  9 hornets
  A wind drake (shapeshifter) (Depths:4)
  A meliai (shapeshifter) (Vaults:1)
  60 saltlings (Desolation)
  A dream sheep (shapeshifter) (Vaults:1)
  3 wind drakes
  13 hippogriffs
  Prince Ribbit (D:9)
  16 blink frogs
  10 snapping turtles
  110 slime creatures
  3 dream sheep (Shoals:4)
  2 shadows
  4 air elementals
  5 redbacks
  2 ynoxinuls
  An elf simulacrum (Depths:2)
  A centaur simulacrum (D:15)
  2 vampires
  50 yaks
  2 wyverns
  2 tarantellas (shapeshifter)
  10 wraiths
  6 spriggans
  A tarantella (Vaults:4)
  3 basilisks
  16 water elementals
  2 ettin skeletons
  11 fire elementals
  7 fire bats (Volcano)
  4 hogs (D:7)
  19 humans
  4 hungry ghosts
  A golden eye (shapeshifter) (Vaults:1)
  9 golden eyes
  A hog (shapeshifter) (Vaults:2)
  3 steam dragons
  A swamp worm (shapeshifter) (Vaults:5)
  4 vampire mosquitoes
  44 nagas
  2 acid dragons
  8 wargs
  A hydra simulacrum (Hell)
  A soldier ant (D:10)
  9 water moccasins
  4 hell hounds
  9 porcupines
  2 floating eyes
  A porcupine (shapeshifter) (Vaults:1)
  3 phantoms
  48 orc warriors
  4 black bears
  A sky beast (D:14)
  5 eyes of draining
  A necrophage (D:9)
  8 ice beasts
  34 ogres
  7 boggarts
  24 wolves
  17 centaurs
  9 crocodiles
  A crocodile (shapeshifter) (Vaults:5)
  2 big kobolds (shapeshifter)
  4 big kobolds
  12 bullfrogs
  3 wyvern skeletons
  10 earth elementals
  2 scorpions
  7 howler monkeys
  5 wights (D:12)
  An electric eel (D:12)
  7 crimson imps
  4 centaur zombies
  5 lava snakes (Volcano)
  2 quasits (Depths:4)
  2 bullfrog zombies
  4 centaur skeletons
  6 hounds
  4 jellies
  26 orc priests
  4 iguanas
  3 bullfrog skeletons
  An iron imp (Depths:4)
  32 orc wizards
  5 hell rats (Hell)
  13 worker ants
  3 hound zombies
  2 hound skeletons
  A worker ant zombie (D:9)
  4 gnolls (D:7)
  25 adders
  2 river rats (Sewer)
  6 shadow imps
  17 white imps
  2 ufetubi (Depths:3)
  3 oozes
  An adder zombie (D:4)
  An adder skeleton (D:4)
  A worm (shapeshifter) (Vaults:5)
  3 worms
  3 dart slugs
  5 leopard geckos
  99 orcs
  5 giant cockroaches
  6 goblins
  4 hobgoblins (D:1)
  20 kobolds
  2 quokkas
  3 ball pythons
  5 bats
  13 frilled lizards
  2 quokka zombies
  8 rats
  2 crawling corpses
  5 fungi
  34 plants
  2 tentacles (Shoals:2)
2740 creatures vanquished.

Vanquished Creatures (collateral kills)
  A fire giant (Depths:3)
  An angel (Elf:1)
  A deep elf annihilator (Depths:2)
  A death ooze (Slime:5)
  A fire dragon (Depths:2)
  2 rakshasas
  A dancing weapon (Elf:2)
  2 hell hogs (Hell)
  A tengu warrior (Depths:2)
  A deep elf knight (Elf:2)
  A fire crab (shapeshifter) (Depths:2)
  A deep elf archer (Elf:2)
  A deep elf mage (Elf:2)
  A hydra simulacrum (Hell)
16 creatures vanquished.

Vanquished Creatures (others)
  A nagaraja (Snake:4)
  3 stone giants
  2 merfolk javelineers
  An anaconda (shapeshifter) (Depths:2)
  A merfolk aquamancer (Shoals:2)
  2 satyrs (Shoals:4)
  An unseen horror (Vaults:1)
  8 fauns
  A cyclops (Shoals:4)
  A manticore (Shoals:4)
  A moth of wrath (Zot:5)
  A black mamba (Snake:4)
  7 yaktaurs
  2 polar bears (IceCv)
  A slime creature (Slime:1)
  A water elemental (Hell)
  3 yaks (IceCv)
  A golden eye (Slime:2)
  3 wolves (IceCv)
  A kobold (D:13)
  9 fungi
  47 plants
  4 tentacles (Shoals:2)
102 creatures vanquished.

Grand Total: 2858 creatures vanquished

Notes
Turn   | Place    | Note
-------+----------+-------------------------------------------
     0 | D:1      | Beodren the Minotaur Fighter began the quest for the Orb.
     0 | D:1      | Reached XP level 1. HP: 19/19 MP: 0/0
   503 | D:1      | Reached XP level 2. HP: 27/27 MP: 1/1
   973 | D:2      | Reached XP level 3. HP: 26/33 MP: 2/2
  1226 | D:2      | Found a white marble altar of Elyvilon.
  1235 | D:2      | Became a worshipper of Elyvilon the Healer
  1284 | D:2      | Found a basalt altar of Yredelemnul.
  1486 | D:3      | Found a glowing drain.
  1503 | D:3      | Reached XP level 4. HP: 26/41 MP: 3/3
  1527 | Sewer    | Entered a sewer
  2235 | D:3      | Reached * piety under Elyvilon
  2264 | D:3      | Reached XP level 5. HP: 45/47 MP: 4/4
  2685 | D:4      | Reached skill level 5 in Fighting
  2685 | D:4      | Reached skill level 5 in Armour
  2896 | D:4      | Got a polished hand axe
  2897 | D:4      | Identified the +11 hand axe of the Living Dead {freeze, rF+
                  | Str+4} (You found it on level 4 of the Dungeon)
  3142 | D:4      | Reached ** piety under Elyvilon
  3173 | D:4      | Reached skill level 1 in Axes
  3177 | D:4      | Reached XP level 6. HP: 24/56 MP: 5/5
  3523 | D:5      | Entered Level 5 of the Dungeon
  3628 | D:5      | Reached skill level 1 in Dodging
  3671 | D:5      | Reached skill level 5 in Shields
  3671 | D:5      | Reached XP level 7. HP: 40/62 MP: 6/6
  4015 | D:5      | Reached skill level 5 in Axes
  4416 | D:6      | Found Nelin's Antique Weapon Shoppe.
  4427 | D:6      | Bought a transparent war axe for 272 gold pieces
  4427 | D:6      | Identified the +10 war axe of Hubris {venom, rC+ Dex+5}
                  | (You bought it in a shop on level 6 of the Dungeon)
  4473 | D:6      | Found Guros's Distillery.
  4487 | D:6      | Found Buos's Assorted Antiques.
  4545 | D:6      | Reached *** piety under Elyvilon
  4633 | D:6      | Reached XP level 8. HP: 60/70 MP: 7/7
  4883 | D:6      | Found a staircase to the Ecumenical Temple.
  4913 | Temple   | Entered the Ecumenical Temple
  5080 | Temple   | Fell from the grace of Elyvilon
  5080 | Temple   | Became a worshipper of the Shining One
  5080 | Temple   | Reached * piety under the Shining One
  5417 | D:6      | Found Veuhunot's Food Shop.
  5429 | D:6      | Found Xaitay's Antique Weapon Shoppe.
  6038 | D:7      | Reached XP level 9. HP: 38/79 MP: 8/8
  6229 | D:7      | Found an iron altar of Okawaru.
  6237 | D:7      | Reached ** piety under the Shining One
  6292 | D:7      | Noticed mora's ghost (novice DgIE)
  6293 | D:7      | Noticed a two-headed ogre
  6294 | D:7      | Found a transporter.
  6299 | D:7      | Found a transporter.
  6513 | D:8      | Reached skill level 10 in Axes
  6898 | D:8      | Noticed a two-headed ogre
  6913 | D:8      | Killed a two-headed ogre
  6935 | D:8      | Reached XP level 10. HP: 28/89 MP: 9/9
  7216 | D:8      | Found a hide-covered altar of Uskayaw.
  7311 | D:8      | Found an ornate altar of the Wu Jian Council.
  7311 | D:8      | Found an opulent altar of Gozag.
  7311 | D:8      | Found a glowing silver altar of Zin.
  7312 | D:8      | Found a burning altar of Makhleb.
  7312 | D:8      | Found a deep blue altar of Sif Muna.
  7312 | D:8      | Found a bloodstained altar of Trog.
  7417 | D:8      | Found a staircase to the Lair.
  7535 | D:8      | Found a radiant altar of Vehumet.
  7650 | D:8      | Found Tiumaumi's Assorted Antiques.
  7655 | D:8      | Bought an ancient copper ring for 145 gold pieces
  7656 | D:8      | Identified the cursed ring of Iriveon {rElec AC-5 Str+2}
                  | (You bought it in a shop on level 8 of the Dungeon)
  7932 | Lair:1   | Entered Level 1 of the Lair of Beasts
  8000 | Lair:1   | Found a frozen archway.
  8000 | Lair:1   | Reached *** piety under the Shining One
  8043 | IceCv    | Entered an ice cave
  8146 | IceCv    | Noticed an ice statue
  8226 | IceCv    | Killed an ice statue
  8332 | IceCv    | Reached **** piety under the Shining One
  8337 | IceCv    | Reached XP level 11. HP: 69/99 MP: 10/10
  8577 | IceCv    | Reached skill level 10 in Fighting
  8607 | IceCv    | Got a transparent chain mail
  8618 | IceCv    | Identified the +5 chain mail of the Sun {+Inv MR+ Int+4}
                  | (You found it in an ice cave)
  8743 | IceCv    | Reached skill level 10 in Armour
  8827 | IceCv    | Noticed a white draconian
  8852 | IceCv    | Killed a white draconian
  9318 | Lair:1   | Reached skill level 15 in Axes
  9523 | Lair:1   | Noticed an oklob plant
 10081 | Lair:2   | Noticed a four-headed hydra
 10092 | Lair:2   | Killed an 11-headed hydra
 10092 | Lair:2   | Reached XP level 12. HP: 61/110 MP: 11/11
 10815 | Lair:3   | Reached ***** piety under the Shining One
 10870 | Lair:3   | Found an ancient bone altar of Kikubaaqudgha.
 11021 | Lair:3   | Found a staircase to the Shoals.
 11469 | Lair:4   | Found a dark tunnel.
 11487 | Lair:4   | Found a staircase to the Snake Pit.
 11545 | Lair:4   | Noticed an eight-headed hydra
 11560 | Lair:4   | Killed an 11-headed hydra
 11653 | Volcano  | Entered a volcano
 11835 | Volcano  | Found a burning altar of Makhleb.
 11840 | Volcano  | Reached skill level 1 in Invocations
 12371 | Lair:4   | Reached skill level 10 in Shields
 12913 | Lair:5   | Found a runed gate.
 12913 | Lair:5   | Found a runed gate.
 12913 | Lair:5   | Found a runed gate.
 12921 | Lair:5   | Noticed Amiab's ghost (journeyman MiFi)
 12944 | Lair:5   | Killed Amiab's ghost
 12944 | Lair:5   | Reached XP level 13. HP: 92/119 MP: 13/13
 13204 | Lair:5   | Found a viscous altar of Jiyva.
 13269 | Lair:5   | Got a twitching marble ring
 13271 | Lair:5   | Identified the ring "Xeuzot" {rCorr MR+++} (You found it on
                  | level 5 of the Lair of Beasts)
 13285 | Lair:5   | You fall through a shaft!
 13285 | Lair:6   | Entered Level 6 of the Lair of Beasts
 14697 | Lair:5   | Reached XP level 14. HP: 124/133 MP: 16/16
 14831 | Lair:5   | Found a staircase to the Slime Pits.
 15205 | D:9      | Noticed Prince Ribbit
 15221 | D:9      | Killed Prince Ribbit
 15229 | D:9      | Reached ****** piety under the Shining One
 15306 | D:9      | Found Unwib's Antique Weapon Shop.
 15453 | D:9      | Found a staircase to the Orcish Mines.
 15527 | D:9      | Got a crude morningstar
 15528 | D:9      | Identified the +1 morningstar of Spring {freeze, rPois}
                  | (You found it on level 9 of the Dungeon)
 15665 | D:9      | Found a hazy altar of Hepliaklqana.
 16010 | Orc:1    | Entered Level 1 of the Orcish Mines
 16391 | Orc:1    | Found a runed door.
 16399 | Orc:1    | Noticed PeterQ's ghost (journeyman VSEn)
 16416 | Orc:1    | Killed PeterQ's ghost
 16416 | Orc:1    | Reached skill level 15 in Fighting
 16620 | Orc:2    | Entered Level 2 of the Orcish Mines
 16636 | Orc:2    | Reached skill level 5 in Invocations
 16992 | Orc:2    | Found a staircase to the Elven Halls.
 17818 | Orc:2    | Found Woakelua's Gadget Shoppe.
 17818 | Orc:2    | Found Hiexut's Armour Boutique.
 17828 | Orc:2    | Found Veneer's General Store.
 17828 | Orc:2    | Found Vissufid's Food Boutique.
 18120 | D:10     | Entered Level 10 of the Dungeon
 18566 | D:10     | Noticed Nergalle
 18576 | D:10     | Killed Nergalle
 18665 | D:10     | Noticed Maurice
 18672 | D:10     | Killed Maurice
 20429 | D:12     | Found Askupots's Jewellery Emporium.
 20450 | D:12     | Reached XP level 15. HP: 135/143 MP: 18/18
 20919 | D:13     | Found a gate to the Vaults.
 21000 | D:13     | Reached skill level 15 in Shields
 21051 | D:13     | Noticed Frances
 21063 | D:13     | Killed Frances
 21128 | D:13     | Noticed Erolcha
 21132 | D:13     | Found a corrupted altar of Lugonu.
 21139 | D:13     | Killed Erolcha
 21309 | D:13     | Found Beast's Jewellery Shoppe.
 21834 | D:14     | Got a scorched amber ring
 22008 | D:15     | Entered Level 15 of the Dungeon
 22025 | D:15     | Found a radiant altar of Vehumet.
 22045 | D:15     | Identified the ring "Gokheqeo" {Ice rElec Dex+2} (You found
                  | it on level 14 of the Dungeon)
 22051 | D:15     | Identified a scroll of acquirement
 22660 | D:15     | Found a staircase to the Depths.
 22986 | D:13     | Bought the ring of the Voivode {rPois rC+ Str+4} for 508
                  | gold pieces
 23007 | D:13     | Got a distressingly furry scale mail
 23018 | D:13     | Identified the +6 scale mail of Decompression {+Fly rPois
                  | MR+ Int+3} (You acquired it on level 13 of the Dungeon)
 23131 | D:9      | Bought a runed demon whip for 648 gold pieces
 23139 | D:9      | Identified a glowing sacred scourge {god gift} (a runed
                  | demon whip blessed by the Shining One)
 23139 | D:9      | Received a gift from the Shining One
 23204 | Elf:1    | Entered Level 1 of the Elven Halls
 23359 | Elf:1    | Noticed an orc warlord
 23379 | Elf:1    | Killed an orc warlord
 23442 | Elf:1    | Reached XP level 16. HP: 57/154 MP: 18/21
 23477 | Elf:1    | Found a glowing silver altar of Zin.
 23478 | Elf:1    | Found a white marble altar of Elyvilon.
 23478 | Elf:1    | Found a ruined gateway.
 23532 | Elf:1    | Found a glowing golden altar of the Shining One.
 23542 | Desolati | Entered the Desolation of Salt
 23697 | Desolati | Identified the Catalogue of Attacks and the Compass
 23700 | Desolati | Identified the Disquisition on Freezing Companions
 23715 | Desolati | Reached skill level 5 in Dodging
 23807 | Desolati | Identified Qeimoon's Papyrus of Dusty Poisoning
 24052 | Desolati | Got a pair of polished gloves
 24063 | Desolati | Identified the +2 pair of gloves of the Engineer {rC+ Str+4
                  | Int+3} (You found it in the Desolation of Salt)
 24511 | Desolati | Found the +3 robe of Folly {Archmagi, MR-- Int+5}
 25548 | Elf:1    | Noticed an Ice Fiend
 25725 | Elf:1    | You fall through a shaft!
 25732 | Elf:2    | Reached XP level 17. HP: 162/162 MP: 6/23
 26032 | Elf:2    | Identified Sif Muna's Grimoire of Dislocated Transmutation
 26152 | Elf:2    | Reached skill level 10 in Invocations
 26455 | Elf:2    | Found a runed gate.
 26455 | Elf:2    | Found a runed gate.
 26455 | Elf:2    | Found a runed gate.
 27232 | Elf:3    | Entered Level 3 of the Elven Halls
 27305 | Elf:3    | Noticed Donald
 27318 | Elf:3    | Killed Donald
 27933 | Elf:3    | Gained mutation: Armour fits poorly on your strangely
                  | shaped body. [a cacodemon]
 28011 | Elf:3    | Noticed a deep elf blademaster
 28026 | Elf:3    | Killed a deep elf blademaster
 28093 | Elf:3    | Noticed a deep elf master archer
 28120 | Elf:3    | Killed a deep elf master archer
 28182 | Elf:3    | Noticed Saint Roka
 28219 | Elf:3    | Killed Saint Roka
 28473 | Elf:3    | Reached XP level 18. HP: 145/172 MP: 25/25
 28569 | Elf:3    | Got a translucent ivory amulet
 28766 | Elf:3    | Reached skill level 15 in Armour
 28801 | Elf:3    | Identified the amulet of Eghebero {Faith MR- Int+3 Dex+6}
                  | (You took it off an orc warrior on level 3 of the Elven
                  | Halls)
 28952 | Elf:3    | Got an uncursed smoking morningstar {venom}
 28953 | Elf:3    | Identified the +6 morningstar "Xicaoq" {venom, -Tele Str+8
                  | Int+4 Stlth+} (You took it off a deep elf archer on level 3
                  | of the Elven Halls)
 29302 | Elf:3    | Reached skill level 10 in Dodging
 30233 | Elf:3    | Got a crude falchion {antimagic}
 30234 | Elf:3    | Identified the +7 falchion of Beropli {antimagic, rPois
                  | Int+4} (You took it off an orc on level 3 of the Elven
                  | Halls)
 30531 | Snake:1  | Entered Level 1 of the Snake Pit
 31510 | Snake:2  | Noticed Roxanne
 31543 | Snake:2  | Killed Roxanne
 31544 | Snake:2  | Identified Roxanne's Almanac of Stones (You took it off
                  | Roxanne on level 2 of the Snake Pit)
 32274 | Snake:3  | Reached XP level 19. HP: 180/181 MP: 26/26
 33082 | Snake:4  | Entered Level 4 of the Snake Pit
 34726 | Snake:4  | Got a serpentine rune of Zot
 35273 | D:8      | Bought an embroidered cloak for 217 gold pieces
 35273 | D:8      | Bought a potion of might for 116 gold pieces
 35273 | D:8      | Bought a potion of haste for 290 gold pieces
 35332 | D:6      | Bought a dented diamond amulet for 165 gold pieces
 35360 | D:6      | Bought a potion of resistance for 110 gold pieces
 35360 | D:6      | Bought a potion of haste for 110 gold pieces
 35360 | D:6      | Bought a potion of heal wounds for 55 gold pieces
 35360 | D:6      | Bought a potion of haste for 110 gold pieces
 35603 | D:13     | Bought the ring "Riahoen" {rF+ rC+ Str+3 Stlth+} for 474
                  | gold pieces
 35631 | D:13     | Noticed Azrael
 35642 | D:13     | Killed Azrael
 35705 | Vaults:1 | Entered Level 1 of the Vaults
 35920 | Vaults:1 | Reached XP level 20. HP: 191/191 MP: 28/28
 36788 | Vaults:1 | Got a brightly glowing brass ring
 36802 | Vaults:1 | Identified the ring "Exum" {rN+ Str+6} (You found it on
                  | level 1 of the Vaults)
 36991 | Vaults:1 | Found Kiurusua's Assorted Antiques.
 37606 | Vaults:2 | Noticed Frederick
 37621 | Vaults:2 | Killed Frederick
 39798 | Vaults:3 | Reached XP level 21. HP: 201/201 MP: 30/30
 39864 | Vaults:3 | Found Musemp's Jewellery Shoppe.
 40144 | Vaults:3 | Found a staircase to the Crypt.
 40854 | Vaults:4 | Noticed Margery
 40864 | Vaults:4 | Killed Margery
 40888 | Vaults:4 | Found an iron altar of Okawaru.
 41224 | Vaults:4 | Found Cize's Jewellery Boutique.
 41995 | Vaults:5 | Entered Level 5 of the Vaults
 42115 | Vaults:5 | Reached skill level 5 in Maces & Flails
 42148 | Vaults:5 | HP: 10/203 [deep elf annihilator/crystal spear (57)]
 42318 | Vaults:5 | Noticed a golden dragon
 42340 | Vaults:5 | Killed a golden dragon
 42340 | Vaults:5 | Reached XP level 22. HP: 86/213 MP: 31/31
 42510 | Vaults:5 | HP: 2/319 [titan/the air (22)]
 42520 | Vaults:5 | HP: 4/213 [poisoned by a lich (poison arrow)]
 42706 | Vaults:5 | Got a spiked large shield
 42717 | Vaults:5 | Identified the +6 large shield of the Blue Moon {*Drain
                  | rElec rF++ MR+} (You found it on level 5 of the Vaults)
 42722 | Vaults:5 | Got a silver rune of Zot
 42742 | Vaults:5 | Noticed a golden dragon
 42759 | Vaults:5 | Killed a golden dragon
 43359 | Vaults:5 | Reached skill level 10 in Maces & Flails
 43616 | Vaults:5 | Noticed an ancient lich
 43625 | Vaults:5 | Killed an ancient lich
 43771 | Vaults:5 | Found the +2 hat of the Bear Spirit {Spirit, +Rage rN+
                  | MR++}
 43797 | Vaults:5 | Identified the Papyrus of Dark Flames
 44344 | Vaults:5 | Got a steaming plate armour
 44345 | Vaults:5 | Identified the +9 plate armour of the Dolphin {rF+ Str+3
                  | Dex+2 Slay+2} (You took it off a vault warden on level 5 of
                  | the Vaults)
 44514 | Vaults:5 | Reached skill level 15 in Invocations
 44764 | D:14     | Noticed Louise
 44778 | D:14     | Killed Louise
 44864 | Depths:1 | Entered Level 1 of the Depths
 44864 | Depths:1 | Found Durymm's Antique Weapon Emporium.
 45381 | Depths:1 | Found Xememm's Antique Weapon Emporium.
 45416 | Depths:2 | Reached XP level 23. HP: 221/221 MP: 33/33
 45610 | Depths:1 | Found a gateway to Hell.
 45860 | Depths:1 | Found a runed gate.
 45860 | Depths:1 | Found a runed gate.
 45860 | Depths:1 | Found a runed gate.
 45860 | Depths:1 | Found a runed gate.
 45860 | Depths:1 | Found a runed gate.
 45860 | Depths:1 | Found a runed gate.
 45861 | Depths:1 | Found the +2 Maxwell's thermic engine {flame, freeze}
 46259 | Depths:1 | Found a corrupted altar of Lugonu.
 46259 | Depths:1 | Found a one-way gate to the infinite horrors of the Abyss.
 47515 | Depths:2 | Paralysed by a floating eye for 2 turns
 47565 | Depths:2 | Identified the +0 scale mail of the Hunter {Dex+2} (You
                  | found it on level 2 of the Depths)
 48263 | Depths:3 | Reached XP level 24. HP: 231/231 MP: 34/34
 48377 | Depths:3 | Found a one-way gate leading to the halls of Pandemonium.
 49431 | Shoals:1 | Entered Level 1 of the Shoals
 50242 | Shoals:2 | Found a hide-covered altar of Uskayaw.
 50471 | Shoals:2 | Identified the +2 scale mail of Curomon {+Blink rPois} (You
                  | found it on level 2 of the Shoals)
 50897 | Shoals:2 | Found Caovui's General Store.
 51468 | Shoals:3 | Noticed Nikola
 51477 | Shoals:3 | Killed Nikola
 51840 | Shoals:3 | Found Exteg's Jewellery Shoppe.
 52023 | Shoals:4 | Entered Level 4 of the Shoals
 52310 | Shoals:4 | Reached skill level 27 in Shields
 52370 | Shoals:4 | Got a barnacled rune of Zot
 52776 | Shoals:4 | Reached XP level 25. HP: 240/240 MP: 34/34
 52968 | Slime:1  | Entered Level 1 of the Pits of Slime
 53411 | Slime:2  | Gained mutation: Your body sometimes deteriorates upon
                  | taking damage. [a shining eye]
 54254 | Slime:4  | Noticed Dissolution
 54271 | Slime:4  | Killed Dissolution
 54284 | Slime:4  | Gained mutation: You are robust. (+10% HP) [a shining eye]
 54594 | Slime:3  | Gained mutation: You evolve. [a shining eye]
 54767 | Slime:4  | Gained mutation: Your magical capacity is low. (-10% MP) [a
                  | shining eye]
 54891 | Slime:5  | Entered Level 5 of the Pits of Slime
 55044 | Slime:5  | Found a viscous altar of Jiyva.
 55242 | Slime:5  | Noticed the Royal Jelly
 55300 | Slime:5  | Killed the Royal Jelly
 55345 | Slime:5  | Identified the Guide on Helpful Unholy Rites
 55370 | Slime:5  | Got a slimy rune of Zot
 55407 | Slime:5  | Identified Sif Muna's Catalogue of the Fifty Nights
 55415 | Slime:5  | Identified the Reference Book on Lucky Earth
 55498 | Slime:5  | Identified the +3 chain mail of Anarchy {rN+++ MR+ Str-3
                  | Slay+2} (You found it on level 5 of the Pits of Slime)
 55699 | Slime:5  | Lost mutation: Your body sometimes deteriorates upon taking
                  | damage. [evolution]
 56608 | Orc:2    | Bought a ration for 70 gold pieces
 56608 | Orc:2    | Bought a ration for 70 gold pieces
 56608 | Orc:2    | Bought a ration for 70 gold pieces
 56608 | Orc:2    | Bought a ration for 70 gold pieces
 56608 | Orc:2    | Bought a ration for 70 gold pieces
 56608 | Orc:2    | Bought a ration for 70 gold pieces
 56608 | Orc:2    | Bought a ration for 70 gold pieces
 56608 | Orc:2    | Bought a ration for 70 gold pieces
 56608 | Orc:2    | Bought a ration for 70 gold pieces
 56608 | Orc:2    | Bought a ration for 70 gold pieces
 56649 | Orc:2    | Bought a potion of curing for 30 gold pieces
 56649 | Orc:2    | Bought a potion of ambrosia for 80 gold pieces
 57629 | Depths:3 | Reached skill level 1 in Evocations
 58174 | Depths:4 | Reached skill level 1 in Throwing
 58239 | Depths:4 | Paralysed by a floating eye for 4 turns
 58390 | Depths:4 | Reached XP level 26. HP: 266/279 MP: 31/31
 58566 | Depths:4 | Identified the cursed +0 scale mail "Syoh" {rF+ MR+ Regen+
                  | Stlth+} (You found it on level 4 of the Depths)
 58797 | Depths:4 | Reached skill level 5 in Throwing
 58895 | Depths:4 | You fall through a shaft!
 58895 | Depths:5 | Entered Level 5 of the Depths
 59110 | Depths:5 | Noticed Xtahua
 59123 | Depths:5 | Killed Xtahua
 59311 | Depths:5 | Identified the cursed +0 robe "Kevum Vieku" {rF+ Regen+
                  | Dex+9} (You found it on level 5 of the Depths)
 59525 | Depths:5 | Found a gateway to a ziggurat.
 59757 | Depths:5 | Found a gate to the Realm of Zot.
 60483 | Zot:1    | Entered Level 1 of the Realm of Zot
 60718 | Zot:1    | Noticed an orb of fire
 60728 | Zot:1    | Killed an orb of fire
 61130 | Zot:1    | Reached XP level 27. HP: 265/290 MP: 32/32
 61489 | Zot:2    | Reached skill level 15 in Maces & Flails
 62040 | Zot:2    | Found Goomi's Changing Room.
 63311 | Zot:3    | Gained mutation: You have sharp toenails. [evolution]
 64235 | Zot:5    | Entered Level 5 of the Realm of Zot
 64815 | Zot:5    | Noticed an orb of fire
 64817 | Zot:5    | Noticed an orb of fire
 64842 | Zot:5    | Killed an orb of fire
 64850 | Zot:5    | Gained mutation: You are clumsy. (Dex -2) [an orb of fire]
 64852 | Zot:5    | Noticed an ancient lich
 64856 | Zot:5    | Lost mutation: You are robust. (+10% HP) [an orb of fire]
 64860 | Zot:5    | Killed an orb of fire
 64872 | Zot:5    | Killed an ancient lich
 65183 | Zot:5    | Noticed an orb of fire
 65215 | Zot:5    | Killed an orb of fire
 65700 | Zot:5    | Noticed an orb of fire
 65703 | Zot:5    | Gained mutation: You tend to lose your temper in combat.
                  | [an orb of fire]
 65706 | Zot:5    | Lost mutation: You tend to lose your temper in combat. [an
                  | orb of fire]
 65709 | Zot:5    | Gained mutation: You have a pair of large horns on your
                  | head. [an orb of fire]
 65724 | Zot:5    | Gained mutation: You are dopey. (Int -2) [an orb of fire]
 65737 | Zot:5    | Killed an orb of fire
 65737 | Zot:5    | Reached skill level 27 in Fighting
 65754 | Zot:5    | Noticed an ancient lich
 65755 | Zot:5    | Noticed an ancient lich
 65763 | Zot:5    | Killed an ancient lich
 65764 | Zot:5    | Noticed an orb of fire
 65764 | Zot:5    | Gained mutation: Potions are less effective at restoring
                  | your health. [an orb of fire]
 65771 | Zot:5    | Killed an ancient lich
 65782 | Zot:5    | Killed an orb of fire
 65864 | Zot:5    | Noticed an orb of fire
 65885 | Zot:5    | Killed an orb of fire
 65995 | Zot:5    | Lost mutation: Armour fits poorly on your strangely shaped
                  | body. [potion of mutation]
 65995 | Zot:5    | Lost mutation: You are dopey. (Int -2) [potion of mutation]
 65995 | Zot:5    | Lost mutation: You have sharp toenails. [potion of
                  | mutation]
 65995 | Zot:5    | Lost mutation: Your magical capacity is low. (-10% MP)
                  | [potion of mutation]
 65995 | Zot:5    | Lost mutation: You are clumsy. (Dex -2) [potion of
                  | mutation]
 65995 | Zot:5    | Gained mutation: Potions are poor at restoring your health.
                  | [potion of mutation]
 65995 | Zot:5    | Gained mutation: Your spells are a little harder to cast,
                  | but a little more powerful. [potion of mutation]
 65995 | Zot:5    | Gained mutation: You are partially covered in slimy green
                  | scales. (AC +2) [potion of mutation]
 66014 | Zot:5    | Noticed an orb of fire
 66018 | Zot:5    | Gained mutation: You are dopey. (Int -2) [an orb of fire]
 66029 | Zot:5    | Gained mutation: Your magical capacity is low. (-10% MP)
                  | [an orb of fire]
 66032 | Zot:5    | Killed an orb of fire
 66592 | Zot:2    | Bought a potion of mutation for 96 gold pieces
 66678 | Depths:5 | Lost mutation: You have a pair of large horns on your head.
                  | [potion of mutation]
 66678 | Depths:5 | Lost mutation: You evolve. [potion of mutation]
 66678 | Depths:5 | Lost mutation: You are dopey. (Int -2) [potion of mutation]
 66678 | Depths:5 | Gained mutation: You evolve. [potion of mutation]
 66689 | Depths:5 | Got a dazzling hat
 66690 | Depths:5 | Identified the +0 hat of Vutoar {Int+4} (You acquired it on
                  | level 5 of the Depths)
 66692 | Depths:5 | Identified the +0 shield of a Million Curses {*Drain rElec
                  | rPois rCorr} (You acquired it on level 5 of the Depths)
 66731 | Depths:5 | Lost mutation: Your magical capacity is low. (-10% MP)
                  | [potion of mutation]
 66731 | Depths:5 | Lost mutation: Your spells are a little harder to cast, but
                  | a little more powerful. [potion of mutation]
 66731 | Depths:5 | Lost mutation: Potions are poor at restoring your health.
                  | [potion of mutation]
 66731 | Depths:5 | Lost mutation: You are partially covered in slimy green
                  | scales. (AC +2) [potion of mutation]
 66731 | Depths:5 | Gained mutation: Your spells are a little easier to cast,
                  | but a little less powerful. [potion of mutation]
 66731 | Depths:5 | Gained mutation: You rapidly evolve. [potion of mutation]
 67084 | D:14     | Lost mutation: Your spells are a little easier to cast, but
                  | a little less powerful. [evolution]
 67252 | D:6      | Bought a potion of curing for 99 gold pieces
 67270 | D:6      | Bought a potion of flight for 33 gold pieces
 67270 | D:6      | Bought a potion of heal wounds for 55 gold pieces
 67270 | D:6      | Bought a potion of mutation for 88 gold pieces
 67322 | D:6      | Bought a ration for 70 gold pieces
 67322 | D:6      | Bought a ration for 70 gold pieces
 67322 | D:6      | Bought a ration for 70 gold pieces
 67322 | D:6      | Bought a ration for 70 gold pieces
 67322 | D:6      | Bought a ration for 70 gold pieces
 67322 | D:6      | Bought a ration for 70 gold pieces
 67851 | Shoals:2 | Bought a scroll of blinking for 112 gold pieces
 67851 | Shoals:2 | Bought a scroll of silence for 112 gold pieces
 68324 | Hell     | Entered the Vestibule of Hell
 68324 | Hell     | Noticed Geryon
 68332 | Hell     | Killed Geryon
 68476 | Hell     | Found a gateway to the decaying netherworld of Tartarus.
 68773 | Hell     | Found a gateway to the freezing wastes of Cocytus.
 68899 | Hell     | Found a gateway to the ashen valley of Gehenna.
 69005 | Hell     | Found a gateway to the Iron City of Dis.
 69632 | Zot:5    | Got the Orb of Zot
 69677 | Zot:5    | Noticed Fuhat the pandemonium lord
 69922 | Depths:3 | Gained mutation: Armour fits poorly on your strangely
                  | shaped body. [a cacodemon]
 70450 | D:1      | Noticed Etigo the pandemonium lord
 70459 | D:1      | Killed Etigo the pandemonium lord
 70514 | D:$      | Escaped with the Orb!

Skill      XL: |  1  2  3  4  5  6  7  8  9 10 11 12 13 14 15 16 17 18 19 20 21 22 23 24 25 26 27 |
---------------+----------------------------------------------------------------------------------+-----
Armour         | 4 5 6 7 8 9 10 11 12 13 14 15 16 17 18 19 20 23 | 23.8
Shields        | 4 5 6 8 10 12 14 16 17 18 20 21 22 24 25 27 | 27.0
Fighting       | 4 5 6 7 8 9 11 12 14 15 16 17 18 19 20 21 22 23 24 27 | 27.0
Maces & Flails | 3 4 6 10 12 14 21 | 21.4
Axes           | 1 3 6 8 11 13 15 16 17 18 19 20 21 | 21.2
Dodging        | 1 4 7 9 10 11 12 13 | 13.5
Invocations    | 2 4 6 8 9 10 11 12 13 14 15 16 17 18 19 20 | 20.6
Evocations     | 1 |  1.1
Throwing       | 2 9 |  9.6
Stealth        | |  0.6

Action                   |  1- 3 |  4- 6 |  7- 9 | 10-12 | 13-15 | 16-18 | 19-21 | 22-24 | 25-27 || total
-------------------------+-------+-------+-------+-------+-------+-------+-------+-------+-------++-------
Melee: Whip              |    74 |   124 |       |       |       |       |       |       |       ||   198
       Headbutt          |    12 |    20 |    25 |   110 |   288 |   329 |   536 |   517 |   813 ||  2650
       Flail             |     3 |       |       |       |       |       |       |       |       ||     3
       Hand axe          |       |    38 |    47 |    44 |       |       |       |       |       ||   129
       War axe           |       |       |   108 |   393 |  1025 |   956 |  1202 |   665 |   354 ||  4703
       Sacred scourge    |       |       |       |       |       |    40 |   188 |   714 |  1802 ||  2744
Throw: Javelin           |       |       |       |       |       |       |       |    44 |     8 ||    52
       Tomahawk          |       |       |       |       |       |       |       |       |     8 ||     8
Invok: Cleansing Flame   |       |       |       |       |     3 |     2 |       |    25 |    36 ||    66
       Divine Shield     |       |       |       |       |     1 |     2 |       |       |    10 ||    13
       Brand Weapon With |       |       |       |       |     1 |       |       |       |       ||     1
       Summon Divine War |       |       |       |       |       |     3 |       |     2 |     4 ||     9
Evoke: Wand              |       |       |       |     5 |     2 |       |       |       |       ||     7
  Use: Scroll            |     1 |       |     6 |    19 |    11 |     6 |     5 |    19 |    23 ||    90
       Potion            |       |       |       |     7 |     5 |     4 |    13 |     4 |    13 ||    46
  Eat: Chunk             |     2 |     5 |     5 |     8 |     6 |       |       |       |     3 ||    29
       Ration            |       |     1 |     1 |     4 |     9 |     8 |    10 |    12 |    18 ||    63
Armor: Scale mail        |    22 |    50 |    62 |    51 |       |       |       |       |       ||   185
       Chain mail        |       |       |       |   144 |   136 |       |       |       |       ||   280
       Skin              |       |       |       |       |     1 |       |       |       |       ||     1
       Plate armour      |       |       |       |       |   212 |   336 |   348 |   249 |   368 ||  1513
Dodge: Dodged            |    21 |    39 |    43 |    92 |   194 |   289 |   460 |   283 |   449 ||  1870
Block: Shield            |    32 |    70 |    68 |   213 |   588 |   686 |  1025 |    48 |       ||  2730
       Large shield      |       |       |       |       |       |       |       |  1743 |  2211 ||  3954
       Reflection        |       |       |       |       |       |       |       |   228 |    69 ||   297
